 Dungeon Crawl Stone Soup version 0.25.1-2-g60ff931df9 (webtiles) character file.

Game seed: 8075926132823059933

0 Asdor the Skirmisher (level 1, -1/18 HPs)
             Began as a Demonspawn Abyssal Knight on Aug 13, 2020.
             Was a Follower of Lugonu.
             Slain by a chaos spawn (18 damage)
             ... on level 3 of the Abyss.
             The game lasted 00:01:48 (179 turns).

Asdor the Skirmisher (Demonspawn Abyssal Knight)     Turns: 179, Time: 00:01:51

Health: -1/18      AC:  1    Str: 12    XL:     1   Next: 0%
Magic:  2/2        EV: 11    Int:  9    God:    Lugonu [*.....]
Gold:   100        SH:  0    Dex: 12    Spells: 0/0 levels left

rFire    . . .     SeeInvis .   a - +1 spear
rCold    . . .     Gourm    .   (no shield)
rNeg     . . .     Faith    .   b - +0 leather armour
rPois    .         Spirit   .   (no helmet)
rElec    .         Reflect  .   (no cloak)
rCorr    .         Harm     .   (no gloves)
MR       .....                  (no boots)
Stlth    +.........             (no amulet)
HPRegen  0.06/turn              (no ring)
MPRegen  0.08/turn              (no ring)

@: no status effects
A: [blurry vision 3], [deformed body], [deterioration 2], [dopey 2], [subdued
magic 2]
a: Depart the Abyss, Renounce Religion


You were on level 3 of the Abyss.
You worshipped Lugonu.
Lugonu was aware of your devotion.
You were not hungry.

You visited 0 branches of the dungeon, and saw 0 of its levels.
You visited the Abyss 1 time.

You collected 100 gold pieces.

Inventory:

Hand Weapons
 a - a +1 spear (weapon)
 g - a +0 great sword
Missiles
 e - 4 silver javelins (quivered)
Armour
 b - a +0 leather armour (worn)
Scrolls
 f - a scroll of identify {unknown}
Potions
 d - a potion of curing {unknown}
Comestibles
 c - a ration


   Skills:
 + Level 3.0 Fighting
 + Level 1.7 Polearms
 + Level 0.0 Throwing
 + Level 1.7 Armour
 + Level 0.8 Dodging
 - Level 2.4 Invocations


You couldn't memorise any spells.
You didn't know any spells.
Your spell library was empty.

Dungeon Overview and Level Annotations

Branches:
Dungeon (0/15)

Altars:


Innate Abilities, Weirdness & Mutations

[Scrolls take you much longer to read.]
[Armour fits poorly on your strangely shaped body.]
[Your body often deteriorates upon taking damage.]
[You are very dopey. (Int -4)]
[Your spells are easier to cast, but less powerful.]


Message History

The wretched star pulses with an eldritch light!
Your vision blurs. x2
The wretched star pulses with an eldritch light!
You feel stupid. x2; Your connection to magic feels subdued.
Your connection to magic feels more subdued.
The wretched star pulses with an eldritch light!
Your vision blurs.
A wight comes into view. It is wielding a +0 great sword.
A wight comes into view. It is wielding a +0 hand axe.
Throwing (i - inventory)
e - 5 silver javelins (quivered)
Press: ? - help, Shift-Dir - straight line, f - chaos spawn
Aim: a chaos spawn (chaotic)
You throw a silver javelin.
The silver javelin pierces through the chaos spawn.
The silver sears the chaos spawn!
The chaos spawn is moderately wounded.
The silver javelin closely misses the wight.
The chaos spawn gores you!!
Ouch! That really hurt!
You die...

..###..###..z#.#
#.. . .# ...
#$z###.# z
#.#.## . #
#.###.# #.###.
.# #.####.(#
#.#4z### #.@#.#
#..##.. #..##
.#.. .... #. ..#
.#.## .# .# ..
.. #. . .. ##
...


You could see a chaos spawn and a wight.

Vanquished Creatures (others)
  10 starspawn tentacles (Abyss:2)
10 creatures vanquished.

Notes
Turn   | Place    | Note
-------+----------+-------------------------------------------
     0 | Abyss:1  | Asdor the Demonspawn Abyssal Knight began the quest for the
                  | Orb.
     0 | Abyss:1  | Reached XP level 1. HP: 18/18 MP: 2/2
    41 | Abyss:1  | Found a corrupted altar of Lugonu.
    83 | Abyss:2  | Found a corrupted altar of Lugonu.
   101 | Abyss:2  | Noticed a tentacled starspawn
   113 | Abyss:2  | Noticed a golden eye
   136 | Abyss:2  | Noticed a wight
   140 | Abyss:2  | Noticed an iron dragon zombie
   145 | Abyss:3  | Noticed a wretched star
   145 | Abyss:3  | Noticed a chaos spawn
   166 | Abyss:3  | Noticed a wight
   166 | Abyss:3  | Noticed a wight
   171 | Abyss:3  | Noticed a wight
   171 | Abyss:3  | Noticed a wight
   179 | Abyss:3  | Slain by a chaos spawn

Illustrated notes

Levels and vault maps discovered:
Abyss:3:  minivault_20, nicolae_abyss_rune_left_handed, minivault_19

Action                   || total
-------------------------++-------
Throw: Javelin           ||     1
